 Dungeon Crawl Stone Soup version 0.31-a0-818-ge7c7cf74f0 (webtiles) character file.

Game seed: 4128586794281968757

46 Kurtz the Chopper (level 3, -6/26 HPs)
             Began as an Octopode Fighter on Sept 23, 2023.
             Mangled by a gnoll
             ... wielding a +0 spear
              (9 damage)
             ... on level 2 of the Dungeon.
             The game lasted 00:01:04 (1012 turns).

Kurtz the Chopper (Octopode Fighter)                Turns: 1012, Time: 00:01:04

Health: -6/26      AC:  1    Str: 15    XL:     3   Next: 66%
Magic:  3/3        EV: 13    Int: 10    God:
Gold:   56         SH:  4    Dex: 13    Spells: 2/2 levels left

rFire   . . .        a - +0 war axe
rCold   . . .        b - +0 buckler
rNeg    . . .        (helmet restricted)
rPois   .            (no amulet)
rElec   .            (no ring)
rCorr   .            (no ring)
SInv    .            (no ring)
Will    .....        (no ring)
Stlth   ++           (no ring)
HPRegen 0.24/turn    (no ring)
MPRegen 0.08/turn    (no ring)
                     (no ring)

%: no passive effects
@: about to teleport
A: almost no armour, amphibious, 8 rings, camouflage 1, gelatinous body 1,
(nimble swimmer 1), tentacles
a: no special abilities


You were on level 2 of the Dungeon.
You visited 1 branch of the dungeon, and saw 2 of its levels.

You collected 56 gold pieces.

Inventory:

Hand Weapons
 a - a +0 war axe (weapon)
 j - a +1 flail of draining
Armour
 b - a +0 buckler (worn)
Scrolls
 f - a scroll of revelation {unknown}
 g - 4 scrolls of identify {unknown}
 i - a scroll of vulnerability {unknown}
 k - a scroll of amnesia {unknown}
 l - a scroll of enchant armour {unknown}
Potions
 c - 2 potions of might
 e - 2 potions of invisibility {unknown}
 h - a potion of heal wounds {unknown}


   Skills:
 + Level 3.4 Fighting
 * Level 3.5 Axes
 - Level 3.0 Dodging
 - Level 3.0 Shields


You had 2 spell levels left.
You didn't know any spells.
Your spell library contained the following spells:

 Spells                   Type           Power      Damage    Failure   Level
 Lesser Beckoning         Tloc           0%         N/A       58%         2
 Gell's Gravitas          Tloc           0%         N/A       83%         3
 Ignite Poison            Fire/Tmut/Pois 0%         N/A       83%         3
 Teleport Other           Tloc           0%         N/A       83%         3
 Sticky Flame             Conj/Fire      0%         2d3       99%         4
 Ignition                 Fire           0%         3d3       100%        8


Dungeon Overview and Level Annotations

Branches:
Dungeon (2/15)

Altars:

Shops:
D:1 [


Innate Abilities, Weirdness & Mutations

You cannot wear most types of armour.
You are amphibious.
You can wear up to eight rings at the same time.
Your skin changes colour to match your surroundings (Stealth+).
Your rubbery body absorbs attacks. (AC +1, EV +1)
((You are camouflaged when in or above water. (Stealth+)))
You have tentacles for arms and can constrict up to eight enemies at once.


Message History

The ball python constricts you. The ball python closely misses you.
The ball python constricts you.
You slash the ball python!
You kill the ball python!
HP restored.
As you open the door, it creaks loudly!
No target in view!
You see here a bat corpse.
A gnoll comes into view. It is wielding a +0 spear.
A gnoll comes into view. It is wielding a +3 halberd.
There are monsters nearby!
A gnoll comes into view. It is wielding a +0 spear.
The gnoll shouts!
There are monsters nearby!
Found a yellow potion.
A hobgoblin comes into view.
A gnoll comes into view. It is wielding a +0 halberd.
The gnoll hits you from afar with a +0 spear.
There are monsters nearby!
The gnoll shouts! x2; The hobgoblin shouts!
You hit the gnoll. You grab the gnoll.
The gnoll is lightly wounded.
You hit the gnoll but do no damage. You constrict the gnoll.
The gnoll barely misses you. x2
The gnoll hits you from afar with a +0 spear.
The gnoll barely misses you. The gnoll hits you with a +0 spear.
You block the gnoll's attack.
You release your grip on the gnoll.
The hobgoblin attacks as it pursues you!
The hobgoblin hits you. You block the gnoll's attack.
The gnoll attacks as it pursues you!
The gnoll hits you from afar with a +0 spear!
* * * LOW HITPOINT WARNING * * *
The gnoll hits you from afar with a +0 spear.
* * * LOW HITPOINT WARNING * * *
As you read the scroll labelled ONUET PUSSI, it crumbles to dust.
You feel strangely unstable.
It was a scroll of teleportation.
The gnoll barely misses you.
The gnoll hits you from afar with a +0 spear!
You die...

#.#.....#.......[
#.##....#....####
#.###...........#
#.....†.........#.
#####..###.#......
#.............
##........#...
##............
#.....@.#.#..
#...g.g.# .
#...g.g.#
#..........
#.....g......
##.###..##... #.
#..# ..! .. ...#
.. ## ..#


You could see 4 gnolls and a hobgoblin.

Vanquished Creatures
  A dart slug (D:1)
  4 bats
  6 endoplasms (D:1)
  3 goblins (D:1)
  3 hobgoblins (D:1)
  4 jackals (D:1)
  3 quokkas (D:1)
  7 ball pythons
  3 frilled lizards (D:1)
  A kobold (D:1)
  3 rats (D:1)
38 creatures vanquished.

Notes
Turn   | Place    | Note
-------+----------+-------------------------------------------
     0 | D:1      | Kurtz the Octopode Fighter began the quest for the Orb.
     0 | D:1      | Reached XP level 1. HP: 16/16 MP: 1/1
    80 | D:1      | Reached XP level 2. HP: 21/21 MP: 2/2
   400 | D:1      | Reached XP level 3. HP: 26/26 MP: 3/3
   610 | D:1      | Found Xewiugiagi's Armour Boutique.
   913 | D:2      | Found a faded altar of an unknown god.
  1012 | D:2      | Mangled by a gnoll

Illustrated notes

Levels and vault maps discovered:
D:1:      nzn_arrival_settlement, layout_basic, serial_shops,
          nicolae_shop_crystal
D:2:      layout_basic, chequers_ecumenical_altar_lobes

Skill      XL: |  1  2 |
---------------+-------+-----
Axes           | 3 |  3.5
Fighting       | |  3.4
Dodging        | |  3.0
Shields        | |  3.0

Action                     || total
---------------------------++-------
  Melee: War axe           ||    36
         Constrict         ||    13
         Tentacles         ||    11
         Flail             ||    32
    Use: Scroll            ||     1
   Stab: Sleeping          ||     8
 Armour: Skin              ||    32
  Dodge: Dodged            ||    42
  Block: Buckler           ||    16

Table legend: (Time is in decaauts)
 A = Elapsed time spent in this place.
 B = Non-inter-level travel time spent in this place.
 C = Inter-level travel time spent in this place.
 D = Time resting spent in this place.
 E = Time spent auto-exploring this place.
 F = Levels seen in this place.
 G = Mean time per level.
                   A        B        C        D        E       F      G
               +--------+--------+--------+--------+--------+-----+--------+
         Total |   1036 |    980 |     56 |      5 |    748 |   2 |  518.0 |
       Dungeon |   1036 |    980 |     56 |      5 |    748 |   2 |  518.0 |
               +--------+--------+--------+--------+--------+-----+--------+

Top non-repeatable levels by time:
     D:1: 906 daAuts
     D:2: 129 daAuts
